 Dungeon Crawl Stone Soup version 0.19.3-1-g3169bf9 (webtiles) character file.

4825 Jynx the Frost Mage (level 10, -3/63 HPs)
             Began as a Demonspawn Ice Elementalist on Jan 23, 2017.
             Was an Initiate of Makhleb.
             Slain by an orc warrior
             ... wielding a +0 dire flail
              (18 damage)
             ... on level 8 of the Dungeon.
             The game lasted 00:19:12 (9606 turns).

Jynx the Frost Mage (Demonspawn Ice Elementalist)   Turns: 9606, Time: 00:19:12

Health: -3/63      AC: 17    Str: 10    XL:     10   Next: 25%
Magic:  17/20      EV: 13    Int: 19    God:    Makhleb [......]
Gold:   364        SH:  0    Dex: 13    Spells: 2 memorised, 19 levels left

rFire  . . .     SeeInvis +     J - +4 dagger (chaos)
rCold  . . .     Gourm    .     I - +2 robe {rN+}
rNeg   + . .     Faith    .     (no shield)
rPois  .         Spirit   .     (no helmet)
rElec  .         Reflect  .     (no cloak)
rCorr  .         Harm     .     (no gloves)
MR     +....     Rnd*Rage +     (no boots)
Stlth  +++.......               (no amulet)
                                C - ring of stealth
                                z - ring of protection from magic

@: icy armour, sanguine armour, slow
A: see invisible, berserk 1, spiny 2, rot immunity, sanguine armour 1
a: Renounce Religion


You were on level 8 of the Dungeon.
You worshipped Makhleb.
Makhleb was noncommittal.
You were hungry.

You visited 2 branches of the dungeon, and saw 9 of its levels.

You collected 364 gold pieces.

Inventory:

Hand Weapons
 n - a +1 short sword of protection
 A - the +3 morningstar "Siocoy Fuha" {vamp, *Rage +Inv Dex+7, unknown}
   (You found it on level 7 of the Dungeon)

   It inflicts no extra harm, but heals its wielder when it wounds a living foe.
   It affects your dexterity (+7).
   It lets you turn invisible.
   It may make you go berserk in combat.
 J - a +4 dagger of chaos (weapon)
Armour
 a - a +1 robe
 I - a +2 robe of positive energy (worn)
Jewellery
 z - a ring of protection from magic (left hand)
 C - a ring of stealth (right hand)
Wands
 k - a wand of iceblast (5/15)
 x - a wand of iceblast (5/15)
 y - a wand of digging (8/24)
Scrolls
 d - a scroll of acquirement {unknown}
 i - 2 scrolls of teleportation
 j - 3 scrolls of fear {unknown}
 m - 2 scrolls of enchant armour
 o - a scroll of remove curse
 p - a scroll of magic mapping
 w - a scroll of identify
 E - a scroll of amnesia {unknown}
 G - a scroll of blinking
 H - a scroll of immolation {unknown}
Potions
 e - 3 potions of berserk rage
 f - 3 potions of flight
 g - 4 potions of invisibility
 l - 2 potions of agility
 r - a potion of degeneration
 s - a potion of cancellation
 t - 4 potions of curing
 B - a potion of magic
 F - a potion of heal wounds
Books
 b - a book of Frost

   Spells                             Type                      Level
   a - Freeze                         Ice                          1
   b - Throw Frost                    Conjuration/Ice              2
   c - Ozocubu's Armour               Charms/Ice                   3
   d - Throw Icicle                   Conjuration/Ice              4
   e - Summon Ice Beast               Ice/Summoning                4
 D - a Young Poisoner's Handbook

   Spells                             Type                      Level
   a - Sting                          Conjuration/Poison           1
   b - Mephitic Cloud                 Conjuration/Poison/Air       3
   c - Olgreb's Toxic Radiance        Poison                       4
   d - Alistair's Intoxication        Transmutation/Poison         5
   e - Venom Bolt                     Conjuration/Poison           5
Comestibles
 c - 5 bread rations
 h - 5 slices of pizza
 q - 9 fruits
 u - 3 meat rations
 v - 4 beef jerkies
 K - 3 chunks of flesh


   Skills:
 + Level 5.5 Short Blades
 + Level 3.3 Dodging
 - Level 1.7 Stealth
 + Level 7.3 Spellcasting
   Level 1.0 Conjurations
 * Level 10.4 Ice Magic


You had 19 spell levels left.
You knew the following spells:

 Your Spells              Type           Power        Failure   Level  Hunger
a - Freeze                Ice            ####         1%          1    None
b - Ozocubu's Armour      Chrm/Ice       ####....     3%          3    #......


Dungeon Overview and Level Annotations

Branches:
Dungeon (8/15)             Temple (1/1) D:7            Lair (0/6) D:8

Altars:
Ashenzari
Cheibriados
Dithmenos
Elyvilon
Fedhas
Gozag
Hepliaklqana
Kikubaaqudgha
Makhleb
Nemelex Xobeh
Okawaru
Qazlal
Ru
Sif Muna
Trog
Uskayaw
Vehumet
Xom
Zin
The Shining One

Shops:
D:7 *


Innate Abilities, Weirdness & Mutations

You are mostly covered in sharp spines.
You are immune to rotting.
When seriously injured, your bleeding wounds create armour. (AC +6)
You have supernaturally acute eyesight. (SInv)
You tend to lose your temper in combat.


Message History

Confirm with . or Enter, or press ? or * to list all spells.
A film of ice covers your body! The orc warrior completely misses you.
You completely miss the orc warrior.
The orc warrior is heavily wounded.
You are feeling hungry.
The orc warrior closely misses you.
You hit the orc warrior. You freeze the orc warrior.
The orc warrior is severely wounded.
The orc priest calls down the wrath of Beogh upon you.
Beogh smites you!
* * * LOW HITPOINT WARNING * * *
You hit the orc warrior but do no damage.
You drain the orc warrior!
The orc warrior is severely wounded.
The orc warrior closely misses you.
You hit the orc warrior but do no damage.
The orc warrior is severely wounded.
The orc warrior is struck by your spines.
The orc warrior hits you with a dire flail!!
You die...

#.# ### #.# #.#
#.# #.# #.# #.#
#.# #.# #.# #o#
#.# #o# #.# #o#
#.# #@# #.# #.#
#.# #####.# #.#
#.....#
#.#######.#####
#..[......#
#.#######.# ###
###


You could see an orc warrior, an orc priest and an orc.

Vanquished Creatures
  The ghost of Jynx the Frost Mage, a novice DsIE of Kikubaaqudgha (D:7)
  Pikel (D:4)
  Psyche (D:8)
  2 hippogriffs
  Eustachio (D:5)
  A hungry ghost (D:8)
  A water moccasin (D:7)
  Duvessa (D:5)
  An ice beast (D:7)
  An orc warrior (D:6)
  3 phantoms
  2 slaves (D:4)
  A sky beast (D:6)
  3 ogres
  3 centaurs
  The ghost of Jynx the Grave Robber, an amateur DsNe (D:3)
  2 big kobolds
  A bullfrog (D:6)
  Dowan (D:5)
  A water moccasin skeleton (D:7)
  5 wights (D:6)
  A howler monkey (D:6)
  A centaur zombie (D:7)
  2 jellies
  6 hounds
  4 orc priests
  5 orc wizards
  A bullfrog skeleton (D:7)
  A centaur skeleton (D:6)
  3 iguanas
  7 worker ants
  2 hound zombies
  A worker ant zombie (D:6)
  3 gnolls (D:4)
  9 adders
  2 oozes
  An adder skeleton (D:4)
  5 worms
  A dart slug (D:1)
  7 leopard geckos
  16 orcs
  A ball python (D:4)
  5 giant cockroaches
  13 goblins
  10 hobgoblins
  7 jackals (D:2)
  2 quokkas
  A ball python zombie (D:5)
  10 bats
  4 frilled lizards
  13 kobolds
  A leopard gecko skeleton (D:4)
  9 rats
188 creatures vanquished.

Vanquished Creatures (others)
  A scorpion (D:4)
  A ball python (D:4)
2 creatures vanquished.

Grand Total: 190 creatures vanquished

Notes
Turn   | Place    | Note
-------+----------+-------------------------------------------
     0 | D:1      | Jynx the Demonspawn Ice Elementalist began the quest for the Orb.
     0 | D:1      | Reached XP level 1. HP: 13/13 MP: 3/3
   293 | D:1      | Reached skill level 3 in Ice Magic
   296 | D:1      | Gained mutation: You are partially covered in sharp spines. [demonic ancestry]
   296 | D:1      | Reached XP level 2. HP: 9/19 MP: 0/5
  1016 | D:2      | Gained mutation: When seriously injured, your bleeding wounds create armour. (AC +6) [demonic ancestry]
  1016 | D:2      | Reached XP level 3. HP: 24/24 MP: 4/7
  1434 | D:2      | Found a shimmering altar of Xom.
  1734 | D:2      | Reached XP level 4. HP: 30/30 MP: 6/8
  1802 | D:2      | Learned a level 3 spell: Ozocubu's Armour
  2576 | D:3      | Gained mutation: Your spells are a little harder to cast, but a little more powerful. [potion of mutation]
  2576 | D:3      | Gained mutation: You have supernaturally acute eyesight. (SInv) [potion of mutation]
  2576 | D:3      | Gained mutation: You are weak. (Str -2) [potion of mutation]
  2577 | D:3      | Gained mutation: Your spells are harder to cast, but more powerful. [potion of mutation]
  2577 | D:3      | Gained mutation: Your spells are much harder to cast, but much more powerful. [potion of mutation]
  2577 | D:3      | Gained mutation: You tend to lose your temper in combat. [potion of mutation]
  2582 | D:3      | Reached skill level 4 in Ice Magic
  2611 | D:3      | Noticed Jynx's ghost (amateur DsNe)
  2611 | D:3      | Found a hide-covered altar of Uskayaw.
  2611 | D:3      | Found an iron altar of Okawaru.
  2675 | D:3      | Killed Jynx's ghost
  2675 | D:3      | Reached XP level 5. HP: 17/35 MP: 3/10
  2907 | D:3      | Reached skill level 5 in Ice Magic
  3070 | D:3      | Found a shadowy altar of Dithmenos.
  3346 | D:3      | Reached XP level 6. HP: 35/41 MP: 5/11
  4031 | D:4      | Reached skill level 6 in Ice Magic
  4135 | D:4      | Noticed a slave
  4139 | D:4      | Noticed a slave
  4143 | D:4      | Killed a slave
  4146 | D:4      | Killed a slave
  4149 | D:4      | Noticed Pikel
  4258 | D:4      | Noticed a slave
  4258 | D:4      | Noticed a slave
  4266 | D:4      | Killed Pikel
  4266 | D:4      | Reached skill level 5 in Spellcasting
  4266 | D:4      | Reached XP level 7. HP: 27/46 MP: 4/14
  4547 | D:4      | Reached skill level 7 in Ice Magic
  4942 | D:4      | Lost mutation: Your spells are much harder to cast, but much more powerful. [potion of cure mutation]
  4942 | D:4      | Lost mutation: Your spells are harder to cast, but more powerful. [potion of cure mutation]
  4942 | D:4      | Lost mutation: Your spells are a little harder to cast, but a little more powerful. [potion of cure mutation]
  4942 | D:4      | Lost mutation: You are weak. (Str -2) [potion of cure mutation]
  5257 | D:5      | Entered Level 5 of the Dungeon
  5340 | D:5      | Gained mutation: You are mostly covered in sharp spines. [demonic ancestry]
  5340 | D:5      | Reached XP level 8. HP: 52/52 MP: 13/15
  5808 | D:5      | Noticed Eustachio
  5907 | D:5      | Noticed Dowan
  5908 | D:5      | Noticed Duvessa
  5924 | D:5      | Killed Duvessa
  5932 | D:5      | Killed Dowan
  6289 | D:5      | Killed Eustachio
  6289 | D:5      | Reached skill level 8 in Ice Magic
  6967 | D:6      | Gained mutation: You are immune to rotting. [demonic ancestry]
  6967 | D:6      | Reached XP level 9. HP: 23/57 MP: 17/17
  7282 | D:6      | Reached skill level 9 in Ice Magic
  7292 | D:6      | Found a sparkling altar of Nemelex Xobeh.
  7697 | D:7      | Got a polished morningstar
  7701 | D:7      | Noticed Jynx's ghost (novice DsIE)
  7713 | D:7      | Found Cituboa's Commerce Corner.
  8417 | D:7      | HP: 2/57 [Jynx's ghost (1)]
  8419 | D:7      | Killed Jynx's ghost
  8419 | D:7      | Reached skill level 5 in Short Blades
  8419 | D:7      | Reached skill level 10 in Ice Magic
  8595 | D:7      | Found a staircase to the Ecumenical Temple.
  8618 | Temple   | Entered the Ecumenical Temple
  8706 | Temple   | Became a worshipper of Makhleb the Destroyer
  8952 | D:8      | Found a white marble altar of Elyvilon.
  8954 | D:8      | Found a blossoming altar of Fedhas.
  8957 | D:8      | Found a bloodstained altar of Trog.
  8963 | D:8      | Reached XP level 10. HP: 63/63 MP: 15/20
  9434 | D:8      | Found an ancient bone altar of Kikubaaqudgha.
  9454 | D:8      | Found a staircase to the Lair.
  9513 | D:8      | Noticed Psyche
  9521 | D:8      | Killed Psyche
  9606 | D:8      | Slain by an orc warrior

Skill      XL: |  1  2  3  4  5  6  7  8  9 10 |
---------------+-------------------------------+-----
Ice Magic      | 3 4 5 6 7 8 10 | 10.4
Spellcasting   | 3 5 7 |  7.3
Short Blades   | 2 3 5 |  5.5
Dodging        | 2 3 |  3.3
Stealth        | |  1.7
Conjurations   | |  1.0

Action                   |  1- 3 |  4- 6 |  7- 9 | 10-12 || total
-------------------------+-------+-------+-------+-------++-------
Melee: Unarmed           |     7 |       |       |       ||     7
       Short sword       |     6 |    31 |   203 |    34 ||   274
       Dagger            |       |       |       |    19 ||    19
 Cast: Freeze            |    60 |   102 |    80 |    11 ||   253
       Ozocubu's Armour  |       |     1 |    14 |     3 ||    18
  Use: Scroll            |     2 |     9 |     8 |       ||    19
       Potion            |       |     2 |     3 |       ||     5
 Stab: Sleeping          |       |       |     1 |     1 ||     2
  Eat: Chunk             |     3 |     7 |    14 |     3 ||    27
       Fruit             |       |       |     2 |       ||     2
Armor: Robe              |     8 |    20 |   112 |    21 ||   161
Dodge: Dodged            |    37 |    54 |   134 |    45 ||   270
